 Dungeon Crawl Stone Soup version 0.25-a0-189-gf71692caf1 (webtiles) character file.

Game seed: 3221802333125379407, levelgen mode: deterministic

997 Leeroy the Destroyer (level 7, -1/50 HPs)
             Began as a Yellow Draconian Conjurer on Nov 29, 2019.
             Slain by a crocodile (9 damage)
             ... on level 7 of the Dungeon.
             The game lasted 00:16:20 (6950 turns).

Leeroy the Destroyer (Yellow Draconian Conjurer)    Turns: 6950, Time: 00:16:21

Health: -1/50      AC:  6    Str: 11    XL:     7   Next: 99%
Magic:  10/10      EV: 12    Int: 16    God:
Gold:   297        SH:  0    Dex: 12    Spells: 3/10 levels left

rFire    . . .     SeeInvis .   t - +1 falchion (drain)
rCold    . . .     Gourm    .   (no shield)
rNeg     . . .     Faith    .   (armour unavailable)
rPois    .         Spirit   .   (helmet restricted)
rElec    .         Reflect  .   (no cloak)
rCorr    +         Harm     .   (no gloves)
MR       .....                  (no boots)
Stlth    ++........             (no amulet)
HPRegen  0.16/turn              (no ring)
MPRegen  0.12/turn              (no ring)

@: lightly drained
A: spit acid, unfitting armour, cold-blooded, acid resistance, AC +6
a: Breathe Acid


You were on level 7 of the Dungeon.
You were very hungry.

You visited 1 branch of the dungeon, and saw 7 of its levels.

You collected 297 gold pieces.

Inventory:

Hand Weapons
 d - a +0 dagger
 o - a +0 short sword
 t - a +1 falchion of draining (weapon)
 w - a +0 scimitar
 x - a cursed +4 mace
 z - a +5 dagger
Missiles
 m - 36 poisoned darts (quivered)
 v - 6 atropa-tipped darts
Jewellery
 s - a cursed -3 ring of intelligence {unknown}
Wands
 p - a wand of disintegration (13)
 y - a wand of random effects (15)
Scrolls
 e - 7 scrolls of teleportation {unknown}
 h - 6 scrolls of identify {unknown}
 i - 3 scrolls of magic mapping {unknown}
 j - a scroll of fear {unknown}
 k - 2 scrolls of enchant weapon {unknown}
 l - a scroll of immolation {unknown}
 q - 2 scrolls of remove curse {unknown}
 r - a scroll of amnesia {unknown}
Potions
 a - a potion of berserk rage {unknown}
 c - 2 potions of heal wounds {unknown}
 f - 2 potions of curing
 g - 2 potions of flight {unknown}
 n - a potion of lignification {unknown}
 u - 2 potions of agility {unknown}
 A - a potion of resistance {unknown}
Comestibles
 b - 8 rations


   Skills:
 - Level 1.7(1.5) Dodging
 - Level 1.7(1.5) Stealth
 - Level 2.0(1.7) Spellcasting
 + Level 10.1(9.8) Conjurations


You had 3 spell levels left.
You knew the following spells:

 Your Spells              Type           Power        Failure   Level  Hunger
a - Magic Dart            Conj           ####         1%          1    ##.....
b - Searing Ray           Conj           ####..       1%          2    ###....
c - Iskenderun's Mystic   Conj           ####....     3%          4    #####..

Your spell library contained the following spells:

 Spells                   Type           Power        Failure   Level  Hunger
 Dazzling Spray           Conj/Hex       ###...       9%          3    ####...
 Animate Skeleton         Necr           N/A          22%         1    ##.....
 Apportation              Tloc           #.....       22%         1    ##.....
 Confusing Touch          Hex            #.....       22%         1    ##.....
 Summon Small Mammal      Summ           #...         22%         1    ##.....
 Force Lance              Conj/Tloc      ###.....     28%         4    #####..
 Fulminant Prism          Conj/Hex       ###.......   28%         4    #####..


Dungeon Overview and Level Annotations

Branches:
Dungeon (7/15)
 Temple: D:4-7

Altars:
Gozag

Shops:
D:5 *

Annotations:
D:5 Edmund


Innate Abilities, Weirdness & Mutations

You can spit globs of acid.
Your golden yellow scales are hard. (AC +6)
You cannot fit into any form of body armour.
You are cold-blooded and may be slowed by cold attacks.
You are resistant to acid. (rCorr)


Message History

You see here 12 arrows.
You see here a ration.
You see here 12 arrows.
You see here a ration.
You see here 12 arrows.
You see here a ration.
You see here 12 arrows.
You see here a ration.
You see here 12 arrows.
You see here a ration.
You see here 12 arrows.
You see here a ration.
You see here 12 arrows.
You see here a ration.
You see here 12 arrows.
The crocodile bites you!
* * * LOW HITPOINT WARNING * * *
You see here a ration.
It was a potion of curing.
You feel better. The crocodile bites you!
You die...

#.# ...#.# #..#.#
#..#.# ## #(.#<#
.. #..#.# .####
#..#.#####......
#...t....#...#
#...#@.#$....#
##.....<.....#
........$......##
############...#
####


You could see a crocodile.

Vanquished Creatures
  A phantom (D:4)
  A bullfrog (D:6)
  A scorpion (D:6)
  A howler monkey (D:4)
  5 wights
  An electric eel (D:6)
  2 crimson imps
  2 hounds
  2 jellies (D:5)
  A bullfrog skeleton (D:3)
  2 orc priests
  2 orc wizards
  A worker ant (D:4)
  2 hound skeletons (D:6)
  3 adders
  3 oozes
  An adder zombie (D:6)
  An adder skeleton (D:4)
  3 worms
  3 leopard geckos
  10 orcs
  A ball python (D:4)
  10 bats
  6 giant cockroaches
  11 goblins
  6 hobgoblins
  3 kobolds
  3 quokkas
  6 frilled lizards
  A quokka skeleton (D:6)
  3 rats
98 creatures vanquished.

Notes
Turn   | Place    | Note
-------+----------+-------------------------------------------
     0 | D:1      | Leeroy the Draconian Conjurer began the quest for the Orb.
     0 | D:1      | Reached XP level 1. HP: 14/14 MP: 3/3
   468 | D:1      | Reached XP level 2. HP: 16/20 MP: 5/5
   482 | D:1      | Learned a level 2 spell: Searing Ray
  1566 | D:2      | Reached skill level 5 in Conjurations
  1566 | D:2      | Reached XP level 3. HP: 12/26 MP: 2/6
  2327 | D:2      | Reached XP level 4. HP: 24/33 MP: 0/7
  2337 | D:2      | Learned a level 4 spell: Iskenderun's Mystic Blast
  2671 | D:3      | Reached skill level 6 in Conjurations
  3183 | D:4      | Reached XP level 5. HP: 19/38 MP: 5/8
  3585 | D:4      | Noticed a phantom
  3878 | D:5      | Entered Level 5 of the Dungeon
  3880 | D:5      | Found Redar's General Store.
  3920 | D:5      | Noticed Edmund
  4286 | D:4      | Killed a phantom
  4286 | D:4      | Reached skill level 7 in Conjurations
  4286 | D:4      | Reached XP level 6. HP: 25/45 MP: 1/9
  4863 | D:5      | Reached skill level 8 in Conjurations
  5304 | D:6      | Found an opulent altar of Gozag.
  5353 | D:6      | Your scales start taking on a golden yellow colour.
  5353 | D:6      | Reached XP level 7. HP: 24/50 MP: 1/10
  5353 | D:6      | Gained mutation: You are resistant to acid. (rCorr) [Yellow
                  | Draconian growth]
  5755 | D:5      | Reached skill level 9 in Conjurations
  6596 | D:6      | Reached skill level 10 in Conjurations
  6949 | D:7      | HP: 2/50 [crocodile (12)]
  6950 | D:7      | Slain by a crocodile

Levels and vault maps discovered:
D:1:      dpeg_arrival_simpleton_b, layout_basic
D:2:      layout_basic
D:3:      layout_loops_ring, first_ration
D:4:      layout_basic
D:5:      layout_rooms, serial_shops, nicolae_shop_stone, uniq_edmund
D:6:      layout_basic, kennysheep_mini, basic_altar, serial_bayou_lagoon_a
D:7:      kennysheep_kobold_camp, layout_loops_ring,
          minmay_temple_entry_butterflies, minmay_diced_spiral, uniq_joseph

Skill      XL: |  1  2  3  4  5  6  7 |
---------------+----------------------+-----
Conjurations   | 5 6 7 8 10 | 10.1
Dodging        | |  1.7
Stealth        | |  1.7
Spellcasting   | |  2.0

Action                   |  1- 3 |  4- 6 |  7- 9 || total
-------------------------+-------+-------+-------++-------
Melee: Unarmed           |    28 |       |       ||    28
       Dagger            |   123 |     4 |       ||   127
       Tailslap          |    17 |    10 |     6 ||    33
       Short sword       |       |    45 |       ||    45
       Falchion          |       |    62 |    75 ||   137
 Cast: Magic Dart        |     8 |     4 |       ||    12
       Searing Ray       |     7 |     6 |     6 ||    19
       Iskenderun's Myst |       |     7 |     5 ||    12
Evoke: Wand              |       |       |     1 ||     1
  Use: Potion            |       |       |     1 ||     1
 Stab: Sleeping          |     3 |     7 |     1 ||    11
       Distracted        |       |     1 |       ||     1
  Eat: Chunk             |     5 |    11 |     3 ||    19
       Ration            |       |       |     1 ||     1
Armor: Skin              |    71 |    12 |    28 ||   111
Dodge: Dodged            |   122 |    68 |    97 ||   287
       Rpst.: Falchion   |       |    17 |    27 ||    44

Table legend:
 A = Non-vault XP
 B = Vault XP
 C = Vault XP percentage of total XP
 D = Non-vault monster count
 E = Vault monster count
 F = Vault count percentage of total count
                 A         B        C        D         E       F
            +---------+---------+-------+---------+---------+-------
      Total |    1425 |       0 |   0.0 |      98 |       0 |   0.0
            +---------+---------+-------+---------+---------+-------
        D:1 |      32 |       0 |   0.0 |      19 |       0 |   0.0
        D:2 |      71 |       0 |   0.0 |      21 |       0 |   0.0
        D:3 |      50 |       0 |   0.0 |       7 |       0 |   0.0
        D:4 |     284 |       0 |   0.0 |      13 |       0 |   0.0
        D:5 |     363 |       0 |   0.0 |      16 |       0 |   0.0
        D:6 |     582 |       0 |   0.0 |      21 |       0 |   0.0
        D:7 |      43 |       0 |   0.0 |       1 |       0 |   0.0
            +---------+---------+-------+---------+---------+-------
